 Dungeon Crawl Stone Soup version 0.24-a0-307-gf989941 (webtiles) character file.

Game seed: 1804882222067311223

258 tilp the Sneak (level 5, 0/24 HPs)
             Began as a Spriggan Enchanter on May 11, 2019.
             Was an Initiate of Dithmenos.
             Killed by nerve-wracking pain
             ... invoked by an orc priest
              (7 damage)
             ... on level 4 of the Dungeon on May 12, 2019.
             The game lasted 00:13:16 (4330 turns).

tilp the Sneak (Spriggan Enchanter)                 Turns: 4330, Time: 00:13:27

Health: 0/24       AC:  2    Str:  2 (4)  XL:     5   Next: 94%
Magic:  2/12       EV: 18    Int: 14 (17) God:    Dithmenos [......]
Gold:   101        SH:  0    Dex: 14 (17) Spells: 3/12 levels left

rFire    . . .     SeeInvis +   a - +1 dagger
rCold    . . .     Gourm    .   (shield restricted)
rNeg     . . .     Faith    .   l - +0 robe
rPois    .         Spirit   .   (helmet restricted)
rElec    .         Reflect  .   (no cloak)
rCorr    .         Harm     .   (gloves unavailable)
MR       .....                  (boots unavailable)
Stlth    ++++......             (no amulet)
HPRegen  0.08/turn              (no ring)
MPRegen  0.13/turn              (no ring)

@: very slightly contaminated, very quick
A: very small, unfitting armour, see invisible, herbivore, speed 3, slow
metabolism 2
a: Renounce Religion


You were on level 4 of the Dungeon.
You worshipped Dithmenos.
Dithmenos was noncommittal.
You were very hungry.

You visited 1 branch of the dungeon, and saw 4 of its levels.

You collected 101 gold pieces.

Inventory:

Hand Weapons
 a - a +1 dagger (weapon)
 b - a +0 dagger of holy wrath
 q - a +0 whip of electrocution
Missiles
 s - 8 poisoned darts
 w - 4 boomerangs (quivered)
Armour
 l - a +0 robe (worn)
Jewellery
 j - an uncursed ring of protection from cold {unknown}
Scrolls
 f - a scroll of immolation {unknown}
 i - a scroll of magic mapping {unknown}
 k - a scroll of blinking {unknown}
 n - 2 scrolls of identify {unknown}
 o - a scroll of teleportation {unknown}
 r - a scroll of enchant weapon {unknown}
 u - a scroll of remove curse {unknown}
Potions
 d - 2 potions of curing {unknown}
 g - 2 potions of resistance {unknown}
 h - 2 potions of degeneration
 m - a potion of mutation {unknown}
 p - a potion of flight {unknown}
 t - a potion of haste {unknown}
 v - 2 potions of agility {unknown}
 x - a potion of brilliance {unknown}
Comestibles
 c - 5 rations


   Skills:
 + Level 4.2 Short Blades
 - Level 3.0 Dodging
 + Level 7.4 Stealth
 - Level 4.0 Spellcasting
 - Level 3.6 Hexes


You had 3 spell levels left.
You knew the following spells:

 Your Spells              Type           Power        Failure   Level  Hunger
a - Corona                Hex            ##.....      4%          1    None
b - Ensorcelled Hibernat  Hex/Ice        #.....       14%         2    ##.....
c - Confuse               Hex            ##......     13%         3    ###....
d - Tukima's Dance        Hex            ##......     13%         3    ###....

Your spell library contained the following spells:

 Spells                   Type           Power        Failure   Level  Hunger
 Dazzling Spray           Conj/Hex       #.....       28%         3    ###....


Dungeon Overview and Level Annotations

Branches:
Dungeon (4/15)             Temple (0/1) D:4

Altars:
Cheibriados
Dithmenos
Uskayaw
Vehumet

Annotations:
D:3 4 exclusions, Blork the orc


Innate Abilities, Weirdness & Mutations

You are very small and have problems with some larger weapons.
You are too small for most types of armour.
You have supernaturally acute eyesight. (SInv)
You are a herbivore.
You cover ground extremely quickly.
You need to consume almost no food.


Message History

Confirm with . or Enter, or press ? or * to list all spells.
Aiming: Ensorcelled Hibernation (safe; 12% risk of failure)
Press: ? - help, Shift-Dir - straight line, f/p - orc priest
Aim: an orc priest, wielding a +0 dagger (chance to defeat MR: 40%)
The orc priest resists with some effort.
The orc priest hits you but does no damage.
Okay, then.
Casting: Ensorcelled Hibernation (safe; 12% risk of failure)
Confirm with . or Enter, or press ? or * to list all spells.
Aiming: Ensorcelled Hibernation (safe; 12% risk of failure)
Press: ? - help, Shift-Dir - straight line, f/p - orc priest
Aim: an orc priest, wielding a +0 dagger (chance to defeat MR: 40%)
The orc priest resists with some effort.
The orc priest misses you.
It was a potion of degeneration.
There was something very wrong with that liquid.
You feel weakened.
You feel dopey.
You feel clumsy.
The orc priest mumbles some strange prayers to Beogh against you.
Pain shoots through your body!
You die...

#.⌠.# #.......#####
#...###.........#.###
....................#
.............#......#
.............#.....##
.....##....o...<...#
.....#.....###.....#
............####o.##
............## #@..##
.............###....## ###
#.............##.....####..#
...............##....#.....##
............................#
...........###.......##....###
.........#.# #......##.......#
.........#.#.#................#
..............................#


You could see an orc priest.

Vanquished Creatures
  A bullfrog skeleton (D:4)
  An iguana (D:4)
  3 worker ants (D:4)
  6 adders
  A gnoll (D:2)
  4 worms
  A dart slug (D:2)
  2 leopard geckos
  3 orcs
  A giant cockroach (D:1)
  5 hobgoblins (D:1)
  6 kobolds
  A quokka (D:3)
  9 bats
  6 frilled lizards
  5 goblins
  8 rats
63 creatures vanquished.

Notes
Turn   | Place    | Note
-------+----------+-------------------------------------------
     0 | D:1      | tilp the Spriggan Enchanter began the quest for the Orb.
     0 | D:1      | Reached XP level 1. HP: 9/9 MP: 5/5
   262 | D:1      | Reached XP level 2. HP: 11/13 MP: 4/7
   376 | D:1      | Learned a level 2 spell: Ensorcelled Hibernation
   565 | D:1      | Reached skill level 5 in Stealth
  1268 | D:2      | Upgraded the game from 0.24-a0-292-g5c6fb1c to
                  | 0.24-a0-307-gf989941
  1284 | D:2      | Reached XP level 3. HP: 16/16 MP: 8/8
  1289 | D:2      | Learned a level 3 spell: Confuse
  1325 | D:2      | Found a snail-covered altar of Cheibriados.
  1432 | D:2      | Found a hide-covered altar of Uskayaw.
  1721 | D:2      | Reached XP level 4. HP: 21/21 MP: 3/10
  1780 | D:2      | Learned a level 3 spell: Tukima's Dance
  1916 | D:2      | Noticed a +0 hand axe
  1917 | D:2      | Noticed a -3 dagger
  2090 | D:3      | Found a radiant altar of Vehumet.
  2628 | D:3      | Noticed Blork the orc
  2797 | D:3      | Reached skill level 6 in Stealth
  2958 | D:3      | Found a shadowy altar of Dithmenos.
  3596 | D:3      | Became a worshipper of Dithmenos the Shadowed
  3619 | D:4      | Reached XP level 5. HP: 24/24 MP: 7/12
  3999 | D:4      | Found a staircase to the Ecumenical Temple.
  4020 | D:4      | Reached skill level 7 in Stealth
  4330 | D:4      | Killed from afar by an orc priest

Levels and vault maps discovered:
D:1:      elethiomel_arrival_quiet, layout_basic
D:2:      layout_rooms, dancing_weapons_uskayaw, marbit_many_paths,
          minmay_cupped
D:3:      layout_loops_corners, old_standard_altar,
          nicolae_overflow_hidden_temple, first_ration, kennysheep_minor_cross,
          tgw_sif
D:4:      layout_cave_pools, minmay_temple_entry_junction

Skill      XL: |  1  2  3  4  5 |
---------------+----------------+-----
Spellcasting   | 3 4 |  4.0
Stealth        | 5 6 7 |  7.4
Short Blades   | 2 3 4 |  4.2
Dodging        | |  3.0
Hexes          | |  3.6

Action                   |  1- 3 |  4- 6 || total
-------------------------+-------+-------++-------
Melee: Dagger            |    89 |    71 ||   160
Throw: Dart              |       |     8 ||     8
       Boomerang         |       |     1 ||     1
 Cast: Corona            |    22 |     3 ||    25
       Ensorcelled Hiber |    17 |    30 ||    47
  Use: Scroll            |     1 |     1 ||     2
       Potion            |       |     1 ||     1
 Stab: Sleeping          |    17 |    21 ||    38
  Eat: Ration            |       |     1 ||     1
Armor: Robe              |    12 |     6 ||    18
Dodge: Dodged            |    68 |    41 ||   109

Table legend:
 A = Non-vault XP
 B = Vault XP
 C = Vault XP percentage of total XP
 D = Non-vault monster count
 E = Vault monster count
 F = Vault count percentage of total count
                 A         B        C        D         E       F
            +---------+---------+-------+---------+---------+-------
      Total |     356 |      13 |   3.5 |      62 |       1 |   1.6
            +---------+---------+-------+---------+---------+-------
        D:1 |      35 |       0 |   0.0 |      23 |       0 |   0.0
        D:2 |      57 |      13 |  18.6 |      17 |       1 |   5.6
        D:3 |      46 |       0 |   0.0 |      11 |       0 |   0.0
        D:4 |     218 |       0 |   0.0 |      11 |       0 |   0.0
            +---------+---------+-------+---------+---------+-------
